General information
- name: BNet
- type: Ladder team game (AT/RT)
- host: Battle.net
- saver: TIMG4STRok
map: GnollWood
- players: 4
- length: 17:48
- speed: Fast
- version: 1.23 W3XP
- replay type:

» download(106 KB)
Players
team 1 (winner)

»
Rush[yyz] (
orange | 117 APM | 2078 actions | 17:47)
5 Death Knight
3 Death Coil
2 Unholy Aura
4 Lich
2 Frost Nova
2 Frost Armor
1 Crypt Lord
1 Impale
» actions
| Assign group hotkey | 46 | |
| Basic commands | 126 | |
| Build / train | 55 | |
| Enter build submenu | 16 | |
| Enter hero's abilities submenu | 10 | |
| Remove unit from queue | 1 | |
| Right click | 770 | |
| Select / deselect | 248 | |
| Select group hotkey | 713 | |
| Use ability | 93 | |
2078 total
» units
| Acolyte | 2 | |
| Ghoul | 2 | |
| Crypt Fiend | 9 | |
| Obsidian Statue | 3 | |
| Frost Wyrm | 4 | |
20 total
» upgrades
| Burrow | 1 | |
| Destroyer Form | 1 | |
| Web | 1 | |
| Creature Attack | 1 | |
4 total
» buildings
| Graveyard | 2 | |
| Crypt | 1 | |
| Altar of Darkness | 1 | |
| Ziggurat | 7 | |
| Tomb of Relics | 1 | |
| Nerubian Tower | 1 | |
| Halls of the Dead | 2 | |
| Slaughterhouse | 1 | |
| Black Citadel | 1 | |
| Sacrificial Pit | 1 | |
| Boneyard | 2 | |
20 total
» build order
00:20 Graveyard
00:24 Graveyard
00:27 Crypt
00:43 Altar of Darkness
01:01 Ziggurat
01:16 Tomb of Relics
02:07 Ziggurat
03:00 Nerubian Tower
03:57 Halls of the Dead
03:57 Halls of the Dead
04:37 Ziggurat
07:02 Ziggurat
07:18 Slaughterhouse
08:49 Ziggurat
09:44 Black Citadel
12:09 Sacrificial Pit
12:57 Ziggurat
12:58 Ziggurat
13:37 Boneyard
13:39 Boneyard
» items
| Rod of Necromancy | 4 | |
| Dust of Appearance | 1 | |
| Orb of Corruption | 1 | |
6 total

»
TIMG4STRok (
green | 169 APM | 3002 actions | 17:48)
3 Blademaster
1 Wind Walk
2 Critical Strike
4 Shadow Hunter
2 Hex
2 Healing Wave
» actions
| Assign group hotkey | 24 | |
| Basic commands | 59 | |
| Build / train | 55 | |
| ESC pressed | 1 | |
| Enter build submenu | 12 | |
| Enter hero's abilities submenu | 7 | |
| Right click | 1332 | |
| Select / deselect | 334 | |
| Select group hotkey | 1089 | |
| Use ability | 89 | |
3002 total
» units
| Peon | 13 | |
| Grunt | 8 | |
| Raider | 8 | |
| Spirit Walker | 3 | |
| Troll Batrider | 2 | |
34 total
» upgrades
| Berserker Strength | 1 | |
| Ensnare | 1 | |
| Spirit Walker Training | 1 | |
| Pillage | 1 | |
| Melee Weapons | 1 | |
| Armor | 1 | |
6 total
» buildings
| Altar of Storms | 2 | |
| Orc Burrow | 4 | |
| Barracks | 1 | |
| Voodoo Lounge | 1 | |
| Stronghold | 1 | |
| Beastiary | 1 | |
| Spirit Lodge | 1 | |
| War Mill | 1 | |
| Great Hall | 1 | |
| Fortress | 1 | |
14 total
» build order
00:06 Altar of Storms
00:08 Altar of Storms
00:16 Orc Burrow
00:36 Barracks
01:27 Orc Burrow
02:18 Voodoo Lounge
03:01 Stronghold
04:33 Orc Burrow
06:19 Beastiary
06:31 Spirit Lodge
07:39 Orc Burrow
09:25 War Mill
13:08 Great Hall
13:22 Fortress
» items
| Boots of Speed | 1 | |
| Circlet of Nobility | 1 | |
| Healing Salve | 1 | |
| Lesser Clarity Potion | 1 | |
4 total
team 2 (loser)
Evil_Fork (
yellow | 76 APM | 1352 actions | 17:46)
4 Priestess of the Moon
2 Trueshot Aura
2 Searing Arrows
» actions
| Assign group hotkey | 19 | |
| Build / train | 57 | |
| ESC pressed | 2 | |
| Enter build submenu | 21 | |
| Enter hero's abilities submenu | 4 | |
| Give item / drop item | 6 | |
| Right click | 569 | |
| Select / deselect | 313 | |
| Select group hotkey | 298 | |
| Use ability | 63 | |
1352 total
» units
| Wisp | 26 | |
| Huntress | 9 | |
| Forest Troll Berserker | 1 | |
| Forest Troll Shadow Priest | 1 | |
| Glaive Thrower | 1 | |
| Dryad | 4 | |
42 total
» upgrades
| Moon Armor | 1 | |
| Abolish Magic | 1 | |
2 total
» buildings
| Altar of Elders | 2 | |
| Moon Well | 11 | |
| Hunter's Hall | 1 | |
| Ancient of War | 2 | |
| Tree of Life | 1 | |
| Tree of Ages | 2 | |
| Tree of Eternity | 1 | |
| Ancient of Lore | 2 | |
| Ancient of Wonders | 1 | |
23 total
» build order
00:06 Altar of Elders
00:18 Moon Well
01:46 Hunter's Hall
01:50 Ancient of War
02:04 Moon Well
02:27 Ancient of War
02:44 Moon Well
03:17 Moon Well
03:34 Moon Well
05:11 Moon Well
06:28 Tree of Life
08:45 Tree of Ages
11:15 Tree of Eternity
12:03 Ancient of Lore
12:05 Ancient of Lore
12:08 Ancient of Wonders
12:37 Altar of Elders
12:58 Moon Well
13:26 Moon Well
13:30 Moon Well
13:32 Tree of Ages
17:03 Moon Well
17:03 Moon Well
» items
| Staff of Teleportation | 1 | |
| Potion of Lesser Invulnerability | 1 | |
| Scroll of Town Portal | 1 | |
| Potion of Healing | 1 | |
| Moonstone | 1 | |
5 total
eViL_kNiFe (
red | 65 APM | 1056 actions | 16:12)
4 Death Knight
2 Death Coil
2 Unholy Aura
1 Lich
1 Frost Nova
» actions
| Assign group hotkey | 44 | |
| Basic commands | 3 | |
| Build / train | 52 | |
| Enter build submenu | 17 | |
| Enter hero's abilities submenu | 5 | |
| Give item / drop item | 6 | |
| Right click | 519 | |
| Select / deselect | 201 | |
| Select group hotkey | 113 | |
| Use ability | 96 | |
1056 total
» units
| Acolyte | 2 | |
| Ghoul | 2 | |
| Crypt Fiend | 10 | |
| Frost Wyrm | 4 | |
| Abomination | 3 | |
21 total
» upgrades
» buildings
| Graveyard | 1 | |
| Crypt | 1 | |
| Altar of Darkness | 1 | |
| Ziggurat | 7 | |
| Tomb of Relics | 1 | |
| Halls of the Dead | 2 | |
| Black Citadel | 1 | |
| Sacrificial Pit | 1 | |
| Slaughterhouse | 2 | |
| Boneyard | 1 | |
18 total
» build order
00:19 Graveyard
00:22 Crypt
00:31 Altar of Darkness
00:52 Ziggurat
01:07 Tomb of Relics
01:50 Ziggurat
04:23 Halls of the Dead
04:23 Halls of the Dead
04:45 Ziggurat
07:03 Black Citadel
07:07 Sacrificial Pit
07:26 Slaughterhouse
09:42 Ziggurat
09:44 Boneyard
09:47 Slaughterhouse
12:03 Ziggurat
12:54 Ziggurat
14:31 Ziggurat
» items
| Rod of Necromancy | 4 | |
| Dust of Appearance | 1 | |
| Orb of Corruption | 1 | |
| Scroll of Town Portal | 1 | |
| Potion of Healing | 2 | |
9 total
Chat log
(00:23 / Allies) TIMG4STRok: gonna harass the shit out of the elf
(00:29 / Allies) Rush[yyz]: k
(00:30 / Allies) Rush[yyz]: lol
(00:43 / Allies) TIMG4STRok: well
(00:45 / All) Evil_Fork: fuck you both
(00:48 / Allies) TIMG4STRok: should i harass or get items
(00:48 / Allies) Rush[yyz]: dude
(00:50 / Allies) TIMG4STRok: i dunno....
(00:52 / All) TIMG4STRok: good luck
(00:53 / All) TIMG4STRok: have fuin
(00:54 / Allies) Rush[yyz]: items
(00:55 / All) Evil_Fork: thanks lol
(00:58 / All) eViL_kNiFe: OMG
(01:01 / All) eViL_kNiFe: UR LIKE 60%
(01:04 / All) Rush[yyz]: omg
(01:05 / All) Evil_Fork: YOU PRO?
(01:08 / All) Rush[yyz]: yes
(01:10 / All) TIMG4STRok: thanks for checking my rec..
(01:29 / All) eViL_kNiFe: NICE GY!
(01:41 / All) Rush[yyz]: ty
(01:44 / All) TIMG4STRok: you hacking or smth
(01:52 / All) Evil_Fork: YES
(01:54 / All) TIMG4STRok: damn
(01:58 / All) TIMG4STRok: we got our work cut out for us...
(02:00 / All) eViL_kNiFe: HECK YES
(02:07 / All) Evil_Fork: YES
(02:17 / Allies) Rush[yyz]: elf
(02:19 / Allies) Rush[yyz]: my guess
(02:24 / All) eViL_kNiFe: i am going crypt lord and ur going to catch "beetles"
(02:25 / Allies) Rush[yyz]: he scouted me
(04:32 / All) eViL_kNiFe: DUDE
(04:38 / Allies) TIMG4STRok: hope you're level 10
(04:41 / All) eViL_kNiFe: 60% dont lose grunts not even vs frosties
(05:06 / Allies) Rush[yyz]: claws
(05:24 / Allies) TIMG4STRok: mid is health i think
(05:34 / Allies) TIMG4STRok: yes
(05:37 / Allies) Rush[yyz]: ne
(06:46 / Allies) TIMG4STRok: this is worst game
(06:54 / All) Evil_Fork: HACKS
(06:58 / Allies) TIMG4STRok: go i got hex
(08:25 / Allies) Rush[yyz]: ?
(08:48 / Allies) TIMG4STRok: almost got snare
(09:15 / Allies) Rush[yyz]: chimes
(09:36 / Allies) Rush[yyz]: or
(09:37 / Allies) Rush[yyz]: ne?
(09:40 / Allies) TIMG4STRok: ne
(13:40 / Allies) TIMG4STRok: gonna start making bats
(13:42 / Allies) TIMG4STRok: for frostiesa
(13:49 / Allies) Rush[yyz]: k
(13:50 / Allies) Rush[yyz]: well
(13:51 / Allies) Rush[yyz]: destroy
(13:54 / Allies) Rush[yyz]: own frosty
(14:01 / Allies) Rush[yyz]: got web
(14:01 / Allies) Rush[yyz]: too
(14:14 / Allies) TIMG4STRok: gogo
(16:14 / All) TIMG4STRok: gl
(16:15 / All) TIMG4STRok: hf
(16:23 / All) Evil_Fork: noob ally LOL
(17:03 / All) TIMG4STRok: lmao
(17:12 / All) TIMG4STRok: should i spend my gold
(17:13 / All) Evil_Fork: :P
(17:15 / All) TIMG4STRok: i got 1500
(17:17 / Allies) Rush[yyz]: nahh
(17:21 / All) TIMG4STRok: didnt really need to make units this game
(17:30 / Allies) TIMG4STRok: man i blew this game so hard
(17:37 / Allies) Rush[yyz]: they were
(17:38 / Allies) TIMG4STRok: is nice playing with somebody who is good
(17:39 / Allies) Rush[yyz]: terrible
(17:40 / Allies) Rush[yyz]: its ok